Unix NetHack Version 5.0.0-0 post-release - last build Jun 10 2026 00:39:30 (3ee93aec679c4c4259841fe613dc97188e26a321,branch:main).

Game began 2026-06-09 06:11:18, ended 2026-06-10 05:39:48.

Brudee, chaotic female human Rogue

                        ---------------------------------
                        |...............................|
                        |.----....------ --------.....{.|
                    ####-.|  |....|(..   |...|  +.......|
                    #   |.|  ----.|.[.   |...|  |.......|
                  ###   |.|     |[%.!.    ...|---.-----.|
                  #     |.-     |.-----  ---|-....|...|.|
                ###     |.   -+--..| .|  |........-...|.|
                #       |..........-..|+--.-----..-----.|
   ----------   #       |.{  -+--.----|u.%.-.//|....%...|
   |........|#####      |..     |.|..)-)@..|.[/|.-|---...#
   |.....<...###########|.-     |.|..)|@---|----.|.. |..|
   |........|          #|.|     |.|._%|@|..|   ..|(((|..|
   ----------          #|.|  ----.|[.(|@-..|   ..|(((|..|
                       #|.----......---.----- -..-----..|
                       #|.............[@...........o....|
                       #---------------------------------
                       ###

Brudee the Rogue        St:15 Dx:18 Co:12 In:11 Wi:10 Ch:13  Chaotic S:4826
Dlvl:6  $:305 HP:0(45) Pw:31(31) AC:2  Xp:7/1025 T:5181  Satiated

Latest messages:
 Orcrist flickers light blue!
 You see here 3 +0 daggers.
 The watchman picks up 2 +0 daggers.
 A - 3 +0 daggers (at the ready) (6 in total).
 You see here a werejackal corpse.
 The giant beetle just misses!
 In what direction? u
 You throw 2 daggers.
 The 1st dagger hits the giant beetle.
 The 2nd dagger hits the giant beetle.
 The giant beetle bites!
 You hit the giant beetle!
 You kill the giant beetle!
 The watchman turns to flee.
 You swap places with your saddled horse.
 You strike the watchman from behind!
 The watch captain throws a knife!
 A knife misses you.
 You strike the watchman from behind!
 You strike the watchman from behind!
 You kill the watchman!
 There are several objects here.
 You see here a knife.
 The watchman throws a spear!
 You are hit by a spear.
 The watchman zaps an iridium wand!
 The sleep ray misses the watchman.
 The sleep ray misses the watchman.
 The sleep ray whizzes by you!
 The door absorbs the bolt!
 You hit the watchman!
 You hit the watchman!
 The watchman wields 2 +0 daggers!
 The watchman zaps a wand of sleep!
 The sleep ray hits the watchman.
 The sleep ray hits the watchman.
 The sleep ray hits you!
 The sleep ray hits the saddled horse.
 The watch captain swings her silver saber.
 The watch captain hits!
 The watch captain swings her silver saber.
 The watch captain hits again!
 The watchman throws a knife!
 The knife misses the watchman.
 The knife hits the watchman.
 The watch captain swings her silver saber.
 The watch captain hits!
 You die...
 Do you want your possessions identified? [ynq] (y) y
 Do you want to see your attributes? [ynq] (y) q

Inventory:
 Coins    ('$')
  $ - 305 gold pieces
 Weapons  (')')
  A - 4 +0 daggers (at the ready)
  x - 2 +0 orcish daggers
  t - the blessed +1 Sting
  P - the fireproof +4 Orcrist (weapon in right hand, flickering light blue)
 Armor    ('[')
  B - an uncursed +0 elven leather helm (being worn)
  v - an uncursed +1 pair of leather gloves (being worn)
  n - an uncursed +0 pair of speed boots (being worn)
  T - an uncursed +0 oilskin cloak (being worn)
  c - an uncursed +1 leather armor (being worn)
 Potions  ('!')
  O - 2 potions of holy water
 Wands    ('/')
  D - a wand of create monster (0:1)
  I - a cursed wand of striking (0:6)
 Tools    ('(')
  i - a blessed bag of holding containing 43 items
  m - an empty uncursed sack
  H - an uncursed magic lamp (lit)
  r - an uncursed magic whistle
  J - a +0 pick-axe

Contents of the bag of holding:
  41 gold pieces
  11 +0 arrows
  11 poisoned +0 arrows
  6 +0 silver arrows
  a +0 bow
  10 +0 darts
  a cursed -1 dart
  a poisoned +0 dart
  a +1 dagger
  5 cursed -1 daggers
  a blessed +0 short sword
  a blessed +0 orcish helm
  an uncursed +0 pair of high boots
  a cursed -1 pair of iron shoes
  an uncursed +0 pair of jumping boots
  a cursed +0 dwarvish cloak
  an uncursed +0 mummy wrapping
  a blessed scroll of amnesia
  a blessed scroll of blank paper
  an uncursed scroll of create monster
  an uncursed scroll of destroy armor
  2 uncursed scrolls of enchant armor
  a cursed scroll of fire
  an uncursed scroll of identify
  an uncursed scroll of magic mapping
  an uncursed scroll of teleportation
  an uncursed potion of acid
  an uncursed potion of booze
  an uncursed potion of fruit juice
  an uncursed potion of sickness
  a cursed ring of fire resistance
  an uncursed ring of free action
  an uncursed ring of free action
  an uncursed ring of poison resistance
  a cursed ring of slow digestion
  a wand of create monster (0:10)
  a wand of magic missile (0:0)
  a wand of make invisible (0:2)
  a wand of striking (0:3)
  7 uncursed wax candles
  an uncursed worthless piece of green glass
  3 uncursed worthless pieces of orange glass
  an uncursed worthless piece of yellow glass

Brudee the Rogue's attributes:

Background:
 You were a Rogue, level 7 female human.
 You were chaotic, on a mission for Kos
 who was opposed by Issek (lawful) and Mog (neutral).
 You were right-handed.
 You were in the Gnomish Mines, on level 6.
 You entered the dungeon 5181 turns ago.
 It was nighttime.
 You had 1025 experience points, 255 more were needed to attain level 8.
 Your score was 4826 before end-of-game adjustments.

Basics:
 You had 0 out of 45 hit points.
 You had all 31 energy points (spell power).
 Your armor class was 2.
 Your wallet contained 305 zorkmids, and
 you had 41 more stashed away in your pack.
 Autopickup was off.

Final Characteristics:
 Your strength was 15 (limit:18/100).
 Your dexterity was 18 (limit:18).
 Your constitution was 12 (limit:18).
 Your intelligence was 11 (limit:18).
 Your wisdom was 10 (limit:18).
 Your charisma was 13 (limit:18).

Final Status:
 You were satiated.
 You were unencumbered.
 You were wielding a broadsword.
 You were unskilled in broadsword.

Final Attributes:
 You were piously aligned.
 You were telepathic.
 You were aware of the presence of orcs.
 You were stealthy.
 You were guarded.
 You were very fast.
 You were lucky.
 You are dead.

Miscellaneous:
 You encountered 1 bones level.
 Total elapsed playing time was 1 hour, 57 minutes and 33 seconds.

Major events:
 Turn
    1: Brudee the chaotic female human Rogue entered the dungeon
  956: entered the Gnomish Mines
 1217: attained the rank of Cutpurse (level 3)
 2124: entered Sokoban
 3848: chose an elven dagger to be named "Sting"
 4192: attained the rank of Rogue (level 6)
 4789: reached Mine Town
 5164: was bestowed with Orcrist by Kos
 5181: killed by a watch captain, while sleeping

Spells:
 Name                 Level Category     Fail Retention
 light                  1   divination    44%  76%-100%

Skills:
 Fighting Skills
   bare handed combat [Basic]
   two weapon combat  [Unskilled]
   riding             [Unskilled]
 Weapon Skills
   dagger             [Skilled]
   knife              [Unskilled]
   short sword        [Basic]
   broadsword         [Unskilled]
   long sword         [Unskilled]
   two-handed sword   [Unskilled]
   saber              [Unskilled]
   club               [Unskilled]
   mace               [Unskilled]
   morning star       [Unskilled]
   flail              [Unskilled]
   hammer             [Unskilled]
   polearms           [Unskilled]
   spear              [Unskilled]
   crossbow           [Unskilled]
   dart               [Unskilled]
   shuriken           [Unskilled]
 Spellcasting Skills
   divination spells  [Unskilled]
   escape spells      [Unskilled]
   matter spells      [Unskilled]

Voluntary challenges:
 Character rerolling was not enabled.
 You never genocided any monsters.
 You never polymorphed an object.
 You never changed form.
 You used no wishes.
 You did not violate any of the special Sokoban rules.
Achievements:
 You entered a shop.
 You entered the Gnomish Mines.
 You attained the rank of Cutpurse.
 You entered Sokoban.
 You attained the rank of Rogue.
 You entered Minetown.
 You entered a temple.

 The Dungeons of Doom: levels 1 to 8
    Level 1:
       A fountain.
    Level 2:
       A fountain.
    Level 3:
       A tool shop, a sink.
       Stairs down to The Gnomish Mines.
    Level 4:
    Level 5: "GRAY STONE CHEST"
       A general store.
    Level 6:
       Many fountains.
       Oracle of Delphi.
    Level 7:
       A general store.
       Stairs up to Sokoban, level 6.
    Level 8:
 The Gnomish Mines: levels 4 to 6
    Level 4:
    Level 5:
    Level 6: <- You were here.
       A general store, a temple and an altar to Kos, some fountains.
       Final resting place for
          you, killed by a watch captain, while sleeping,
          irollones-Arc-Hum-Mal-Law, killed by a gold golem.
 Sokoban:
    Level 6:
       Unsolved.


Vanquished creatures:
  a watchman
  a giant beetle
  a wolf
  a leprechaun
 an iron piercer
  a gold golem
  a lizard
  a housecat
  a dwarf leader
  2 blue jellies
  a gnome mummy
  a water nymph
  6 Mordor orcs
 an orc shaman
  a rock piercer
  3 rock moles
  a pony
  5 yellow lights
  a shrieker
  4 gnome leaders
  5 gnomish wizards
  a kobold mummy
  a golden naga hatchling
  a guardian naga hatchling
  a gray ooze
  a ghoul
  3 giant ants
  a little dog
  3 floating eyes
  6 dwarves
  a rabid rat
  a giant bat
  2 orc zombies
  2 dwarf zombies
  a wererat
  a werejackal
  2 acid blobs
  2 gas spores
  a hobbit
  a large kobold
  a giant rat
  a cave spider
  2 yellow molds
 13 gnomes
  6 garter snakes
  a gnome zombie
  3 geckos
  8 jackals
  2 kobolds
  3 goblins
  a sewer rat
 10 grid bugs
  a bat
  5 lichens
  a kobold zombie
 11 newts
141 creatures vanquished.

No species were genocided or became extinct.

Game over:
                       ----------
                      /          \
                     /    REST    \
                    /      IN      \
                   /     PEACE      \
                  /                  \
                  |      Brudee      |
                  |      346 Au      |
                  |   killed by a    |
                  |  watch captain   |
                  |                  |
                  |                  |
                  |       2026       |
                 *|     *  *  *      | *
        _________)/\\_//(\/(/\)/\//\/|_)_______

Goodbye Brudee the Rogue...

You died in The Gnomish Mines on dungeon level 6 with 4792 points,
and 346 pieces of gold, after 5181 moves.
You were level 7 with a maximum of 45 hit points when you died.

